 Dungeon Crawl Stone Soup version 0.30-a0-691-g754fce4c43 (webtiles) character file.

Game seed: 9074487217659721236

32139 mampy3000 the Severer (level 13, -7/123 HPs)
             Began as a Minotaur Berserker on Jan 19, 2023.
             Was a High Priest of Trog.
             Mangled by a skeletal warrior
             ... wielding a +4 short sword
              (19 damage)
             ... on level 14 of the Dungeon.
             The game lasted 00:40:59 (12700 turns).

mampy3000 the Severer (Minotaur Berserker)         Turns: 12700, Time: 00:41:00

Health: -7/123     AC: 11    Str: 25    XL:     13   Next: 29%
Magic:  0/12       EV: 18    Int:  7    God:    Trog [*****.]
Gold:   707        SH:  0    Dex:  8    Spells: 12/12 levels left

rFire   + . .      SeeInvis +    u - +10 hand axe "Hydrabane" {freeze, rElec rF+ Dex-4 SInv}
rCold   . . .      Faith    .    (no shield)
rNeg    . . .      Spirit   +    l - +3 ring mail "Yreroud" {Will++ Int+3 Stlth+}
rPois   .          Reflect  .    (helmet restricted)
rElec   +          Harm     .    (no cloak)
rCorr   .          Rampage  .    (no gloves)
Will    ++...                    (no boots)
Stlth   +++                      e - amulet of guardian spirit
HPRegen 0.40/turn                n - ring of see invisible
MPRegen 0.13/turn                k - +5 ring of evasion

@: on berserk cooldown, slowed, very slow
A: horns 2, retaliatory headbutt
a: Renounce Religion, Berserk, Trog's Hand, Brothers in Arms


You were on level 14 of the Dungeon.
You worshipped Trog.
Trog was extremely pleased with you.
You visited 1 branch of the dungeon, and saw 15 of its levels.

You collected 777 gold pieces.
You spent 70 gold pieces at shops.

Inventory:

Hand Weapons
 u - the +10 hand axe "Hydrabane" (weapon) {freeze, rElec rF+ Dex-4 SInv}
   (You found it on level 4 of the Dungeon)

   Dex:       It affects your dexterity (-4).
   rF:        It protects you from fire.
   rElec:     It insulates you from electricity.
   SInv:      It lets you see invisible.
Missiles
 i - 3 throwing nets (quivered)
 q - 6 javelins
Armour
 l - the +3 ring mail "Yreroud" (worn) {Will++ Int+3 Stlth+}
   (You found it on level 13 of the Dungeon)

   Int:       It affects your intelligence (+3).
   Will:      It greatly increases your willpower.
   Stlth:     It makes you more stealthy.
 x - a +1 chain mail
Jewellery
 e - an amulet of guardian spirit (around neck)
 k - a +5 ring of evasion (right hand)
 n - a ring of see invisible (left hand)
 r - an amulet of regeneration
 E - an amulet of the acrobat
 F - a ring of fire
Wands
 b - a wand of iceblast (22)
 c - a wand of charming (26)
 t - a wand of flame (18)
 w - a wand of quicksilver (4)
 B - a wand of digging (3)
Scrolls
 d - 2 scrolls of magic mapping
 f - 4 scrolls of fog
 m - 7 scrolls of teleportation
 p - a scroll of blinking
 v - 3 scrolls of poison
 y - a scroll of silence
Potions
 a - a potion of cancellation
 g - 2 potions of haste
 o - 4 potions of berserk rage
 s - 3 potions of mutation
 z - 2 potions of flight
 C - a potion of magic {unknown}
 D - 3 potions of curing


   Skills:
 + Level 13.8 Fighting
 + Level 15.5(16.0) Axes
 + Level 6.5(12.0) Polearms
 + Level 14.3 Armour
 + Level 8.2 Dodging
 + Level 4.9 Stealth


You had 12 spell levels left.
You didn't know any spells.
Your spell library was empty.

Dungeon Overview and Level Annotations

Branches:
Dungeon (15/15)            Temple (0/1) D:6            Lair (0/5) D:10
    Orc (0/2) D:9
 Vaults: D:13-14     Depths: D:15

Altars:
Ashenzari
Dithmenos
Hepliaklqana
Okawaru
Qazlal
Sif Muna
Uskayaw
Vehumet
Yredelemnul
Zin

Shops:
D:5 *   D:6 !   D:9 !

Annotations:
D:12 2 transporters, exclusion: oklob plant, IdlyInterested's ghost, journeyman DsFi


Innate Abilities, Weirdness & Mutations

You have a pair of horns on your head.
You reflexively headbutt those who attack you in melee.


Message History

Trog accepts your kill.
You see here a +0 hand axe.
A skeletal warrior comes into view. It is wielding a +4 short sword.
Found 20 gold pieces.
You feel a strong urge to attack something.
You are no longer berserk.
You are exhausted.
You feel yourself slow down.
You see here a +0 hand axe.
Things that are here:
a +0 long sword; a +0 hand axe You slash the skeletal warrior!
The skeletal warrior is lightly damaged.
The skeletal warrior hits you with a +4 short sword!
You hit the skeletal warrior but do no damage.
You headbutt the skeletal warrior, but do no damage.
The skeletal warrior is lightly damaged.
The skeletal warrior barely misses you. You furiously retaliate!
You headbutt the skeletal warrior! You hit the skeletal warrior.
You freeze the skeletal warrior.
Your headbutt misses the skeletal warrior.
The skeletal warrior is heavily damaged.
The skeletal warrior hits you with a +4 short sword!
* * * LOW HITPOINT WARNING * * *
You hit the skeletal warrior.
The skeletal warrior is heavily damaged.
The skeletal warrior hits you with a +4 short sword!!
* * * LOW HITPOINT WARNING * * *
You slash the skeletal warrior! You freeze the skeletal warrior.
Your headbutt misses the skeletal warrior.
The skeletal warrior is severely damaged.
The skeletal warrior hits you with a +4 short sword.
* * * LOW HITPOINT WARNING * * *
You barely miss the skeletal warrior. You headbutt the skeletal warrior!
The skeletal warrior is almost destroyed.
You barely miss the skeletal warrior.
Your headbutt misses the skeletal warrior.
The skeletal warrior is almost destroyed.
The skeletal warrior hits you with a +4 short sword!!
You die...

#.~≈≈≈..).#. #.~≈≈≈..).'.
##.~≈≈#...#. .#
##.~≈###### .. ##..##
#.#### ##########..# ...#
#...........#
#######.#####.###########
$.......)).z@.#
#.....#.####### #........
#......... .##.##...## #.
##### .


You could see a skeletal warrior.

Vanquished Creatures
  Jorgrun (D:13)
  Josephine (D:12)
  An ogre mage (D:14)
  3 vault guards (D:14)
  3 boulder beetles
  A centaur warrior (D:13)
  4 two-headed ogres
  3 skeletal warriors (D:14)
  Pikel (D:4)
  2 wizards
  A deep elf pyromancer (D:13)
  A cyclops (D:13)
  A manticore (D:14)
  Maggie (D:9)
  A kobold demonologist (D:11)
  An unseen horror (D:10)
  3 yaktaurs (D:14)
  A tengu conjurer (D:15)
  2 trolls
  A merfolk (D:13)
  A tarantella (shapeshifter) (D:13)
  Prince Ribbit (D:5)
  A hornet (D:10)
  10 slime creatures
  A shadow (D:12)
  A vampire (D:12)
  9 yaks
  2 wyverns
  7 wraiths
  A basilisk (D:12)
  A steam dragon (D:9)
  10 vampire mosquitoes
  2 acid dragons
  A swamp drake (D:10)
  4 black bears
  6 orc warriors
  3 water moccasins
  3 ice beasts
  2 ogres (D:5)
  11 centaurs
  A lemure (D:4)
  3 kobold brigands
  7 bullfrogs
  A gnoll sergeant (D:12)
  A necrophage (D:7)
  7 scorpions
  8 killer bees
  8 howler monkeys
  6 hounds
  8 orc priests
  2 jellies (D:5)
  Jessica (D:3)
  3 iguanas
  14 orc wizards
  5 gnolls (D:12)
  7 adders
  3 shadow imps
  3 white imps
  2 ufetubi
  3 dart slugs
  61 orcs
  3 bats (D:1)
  9 endoplasms
  A giant cockroach (D:2)
  6 goblins
  9 hobgoblins
  6 jackals
  A quokka (D:2)
  9 ball pythons
  4 frilled lizards
  22 kobolds
  3 rats
337 creatures vanquished.

Vanquished Creatures (collateral kills)
  A boulder beetle (D:11)
  Sonja (D:11)
2 creatures vanquished.

Vanquished Creatures (others)
  15 fungi (D:10)
  17 plants
32 creatures vanquished.

Grand Total: 371 creatures vanquished

Notes
Turn   | Place    | Note
-------+----------+-------------------------------------------
     0 | D:1      | mampy3000 the Minotaur Berserker began the quest for the
                  | Orb.
     0 | D:1      | Reached XP level 1. HP: 19/19 MP: 0/0
   123 | D:1      | Reached XP level 2. HP: 23/27 MP: 1/1
   130 | D:1      | Reached skill level 4 in Axes
   373 | D:1      | Reached XP level 3. HP: 13/33 MP: 2/2
   669 | D:1      | You fall into a shaft and drop 1 floor!
   849 | D:2      | Reached ** piety under Trog
  1025 | D:2      | Reached XP level 4. HP: 41/41 MP: 3/3
  1517 | D:3      | Noticed Jessica
  1521 | D:3      | Killed Jessica
  1522 | D:3      | Reached skill level 1 in Polearms
  1678 | D:3      | Reached XP level 5. HP: 25/47 MP: 4/4
  2256 | D:4      | Reached skill level 5 in Fighting
  2326 | D:4      | Noticed Pikel
  2326 | D:4      | Noticed a lemure
  2326 | D:4      | Noticed a lemure
  2326 | D:4      | Noticed a lemure
  2326 | D:4      | Noticed a lemure
  2336 | D:4      | Killed a lemure
  2339 | D:4      | Killed Pikel
  2340 | D:4      | Reached skill level 5 in Polearms
  2340 | D:4      | Reached skill level 1 in Stealth
  2340 | D:4      | Reached XP level 6. HP: 57/57 MP: 5/5
  2340 | D:4      | Reached XP level 7. HP: 62/62 MP: 6/6
  2476 | D:4      | Identified the +10 hand axe "Hydrabane" {freeze, rElec rF+
                  | Dex-4 SInv}
  2484 | D:4      | Identified the +3 whip "Raeletis" {holy, rPois Int-3
                  | Stlth+}
  2752 | D:5      | Entered Level 5 of the Dungeon
  2808 | D:5      | Found Teukh's Gadget Gallery.
  2816 | D:5      | Noticed Prince Ribbit
  2822 | D:5      | Reached skill level 5 in Axes
  2822 | D:5      | Reached skill level 5 in Armour
  2822 | D:5      | Reached *** piety under Trog
  2828 | D:5      | Reached XP level 8. HP: 24/70 MP: 7/7
  2834 | D:5      | Killed Prince Ribbit
  3079 | D:5      | Reached skill level 6 in Axes
  3140 | D:5      | Found a shimmering blue altar of Sif Muna.
  3423 | D:5      | Found an iron altar of Okawaru.
  3576 | D:6      | Reached skill level 7 in Axes
  3635 | D:6      | Found a hazy altar of Hepliaklqana.
  3644 | D:6      | Found a basalt altar of Yredelemnul.
  3670 | D:6      | Found a staircase to the Ecumenical Temple.
  3700 | D:6      | Reached XP level 9. HP: 75/79 MP: 8/8
  3736 | D:6      | Reached skill level 8 in Axes
  3769 | D:6      | Found Xotyn's Distillery.
  3774 | D:6      | Bought a potion of heal wounds for 70 gold pieces
  3820 | D:6      | Identified the +12 battleaxe of Turmoil {chaos, rF+}
  3992 | D:6      | Found a radiant altar of Vehumet.
  3995 | D:6      | Reached **** piety under Trog
  4491 | D:7      | Reached skill level 9 in Axes
  4512 | D:7      | Reached skill level 10 in Axes
  4512 | D:7      | Reached XP level 10. HP: 93/93 MP: 9/9
  4594 | D:7      | Found a stormy altar of Qazlal.
  4701 | D:7      | Identified the +4 mace "Wiatacw" {venom, Contam rPois rC-
                  | Will+++}
  4771 | D:7      | Reached skill level 10 in Fighting
  4919 | D:7      | Found a glowing silver altar of Zin.
  4919 | D:7      | Found a hide-covered altar of Uskayaw.
  5197 | D:8      | Reached skill level 10 in Armour
  5270 | D:8      | Found a broken altar of Ashenzari.
  5342 | D:8      | Reached ***** piety under Trog
  5385 | D:8      | Reached skill level 11 in Axes
  6116 | D:8      | Identified the +8 quarterstaff of Dissatisfaction {freeze,
                  | Int+2}
  6123 | D:8      | Received a gift from Trog
  6338 | D:9      | Noticed a two-headed ogre
  6344 | D:9      | Killed a two-headed ogre
  6345 | D:9      | Reached XP level 11. HP: 65/101 MP: 6/10
  6471 | D:9      | Found Hifre's Distillery.
  6502 | D:9      | Noticed a two-headed ogre
  6511 | D:9      | Killed a two-headed ogre
  6753 | D:9      | Found a staircase to the Orcish Mines.
  6755 | D:9      | Noticed Maggie
  6772 | D:9      | Killed Maggie
  7007 | D:10     | Entered Level 10 of the Dungeon
  7173 | D:10     | Reached skill level 12 in Axes
  7177 | D:10     | Found a staircase to the Lair.
  7521 | D:10     | Noticed a two-headed ogre
  7527 | D:10     | Killed a two-headed ogre
  8299 | D:11     | Noticed a wizard
  8309 | D:11     | Reached skill level 13 in Axes
  8451 | D:11     | Noticed a boulder beetle
  8494 | D:11     | Killed a boulder beetle
  8665 | D:11     | Noticed Sonja
  8672 | D:11     | Killed Sonja
  8673 | D:11     | Reached XP level 12. HP: 45/111 MP: 7/11
  8811 | D:11     | Noticed a two-headed ogre
  8816 | D:11     | Killed a two-headed ogre
  9575 | D:12     | Noticed Josephine
  9581 | D:12     | Killed Josephine
  9898 | D:12     | Found a shadowy altar of Dithmenos.
  9903 | D:12     | Noticed a boulder beetle
  9912 | D:12     | Killed a boulder beetle
  9913 | D:12     | Reached skill level 14 in Axes
 10009 | D:12     | Noticed IdlyInterested's ghost (journeyman DsFi)
 10009 | D:12     | Noticed a boulder beetle
 10011 | D:12     | Found a transporter.
 10011 | D:12     | Noticed a two-headed ogre
 10017 | D:12     | Found a transporter.
 10019 | D:12     | Noticed a two-headed ogre
 10039 | D:12     | Noticed a rakshasa
 10045 | D:12     | Noticed a two-headed ogre
 10524 | D:12     | Noticed an ice dragon
 10630 | D:12     | Noticed a boulder beetle
 10644 | D:12     | Killed a boulder beetle
 10796 | D:13     | Noticed Jorgrun
 10818 | D:13     | Killed Jorgrun
 11086 | D:13     | Identified the +3 ring mail "Yreroud" {Will++ Int+3 Stlth+}
 11336 | D:13     | Noticed a centaur warrior
 11341 | D:13     | Killed a centaur warrior
 11526 | D:13     | Noticed a boulder beetle
 11560 | D:13     | Killed a boulder beetle
 11774 | D:13     | Reached skill level 15 in Axes
 12168 | D:14     | Noticed a vault guard
 12177 | D:15     | Entered Level 15 of the Dungeon
 12223 | D:14     | Noticed a vault guard
 12236 | D:14     | Noticed an ogre mage
 12237 | D:14     | Noticed a vault guard
 12240 | D:14     | Reached XP level 13. HP: 89/122 MP: 12/12
 12700 | D:14     | Mangled by a skeletal warrior

Illustrated notes

Levels and vault maps discovered:
D:1:      enne_arrival_octagon_isle, layout_basic, minmay_shallow_snake_nest
D:2:      layout_rooms, grunt_decor_clamped
D:3:      layout_loops_ring, uniq_jessica
D:4:      layout_basic, corexii_item_surrounded_by_moat, uniq_pikel
D:5:      layout_rooms, nicolae_sif_muna_little_library, marbit_many_paths,
          nicolae_shop_gadgets, uniq_prince_ribbit1
D:6:      layout_basic, jmf_multi_god_temple, vehumet_altar_wand_db,
          minmay_temple_entry_mini_moons, serial_shops, shop, minmay_checkerbox
D:7:      layout_loops_cross, nicolae_qazlal_eye_of_the_storm,
          gammafunk_temple_overflow_statue
D:8:      layout_basic, ashenzari_conservatory_becter, kennysheep_flooded_box
D:9:      layout_basic, david_orc_2, serial_shops, nicolae_shop_statue_plus,
          uniq_maggie
D:10:     layout_basic, due_lair_maze_entry_diamond, pond
D:11:     layout_layer_cave, uniq_sonja
D:12:     layout_roguey, nzn_ghost_randoct, nicolae_dithmenos_the_darkroom,
          uniq_josephine
D:13:     layout_loops_ring, hangedman_fish_farm, uniq_jorgrun
D:14:     layout_rooms, grunt_vaults_entry_fortified, minmay_misc_feat_tower,
          uniq_roxanne
D:15:     grunt_enter_depths_snipers, layout_rooms, minivault_11,
          nicolae_uskayaw_dance_hall, uniq_nessos, uniq_rupert

Skill      XL: |  1  2  3  4  5  6  7  8  9 10 11 12 |
---------------+-------------------------------------+-----
Axes           | 4 5 7 10 11 13 15 | 15.5
Fighting       | 4 5 6 7 9 10 11 13 | 13.8
Dodging        | 3 4 7 8 |  8.2
Polearms       | 1 5 6 |  6.5
Armour         | 4 5 7 9 10 12 14 | 14.3
Stealth        | 1 4 |  4.9

Action                   |  1- 3 |  4- 6 |  7- 9 | 10-12 | 13-15 || total
-------------------------+-------+-------+-------+-------+-------++-------
Melee: Hand axe          |    14 |       |   133 |   477 |    59 ||   683
       Spear             |    56 |    62 |       |       |       ||   118
       Headbutt          |     2 |     8 |    15 |   104 |    13 ||   142
       Punch             |     1 |       |     2 |     8 |       ||    11
       Whip              |       |       |     6 |       |       ||     6
Invok: Berserk           |       |     1 |     4 |    13 |     2 ||    20
       Trog's Hand       |       |       |     1 |     3 |       ||     4
       Brothers in Arms  |       |       |       |     2 |       ||     2
  Use: Scroll            |       |       |    13 |    11 |       ||    24
       Potion            |       |       |     1 |     5 |       ||     6
Armor: Animal skin       |    15 |       |       |       |       ||    15
       Ring mail         |     5 |    13 |    32 |    18 |     3 ||    71
       Chain mail        |       |       |       |   148 |       ||   148
Dodge: Dodged            |    57 |    19 |    53 |   212 |    25 ||   366

Table legend: (Time is in decaauts)
 A = Elapsed time spent in this place.
 B = Non-inter-level travel time spent in this place.
 C = Inter-level travel time spent in this place.
 D = Time resting spent in this place.
 E = Time spent auto-exploring this place.
 F = Levels seen in this place.
 G = Mean time per level.
                   A        B        C        D        E       F      G
               +--------+--------+--------+--------+--------+-----+--------+
         Total |  12734 |  12103 |    631 |      0 |   9575 |  15 |  848.9 |
       Dungeon |  12734 |  12103 |    631 |      0 |   9575 |  15 |  848.9 |
               +--------+--------+--------+--------+--------+-----+--------+

Top non-repeatable levels by time:
    D:11: 1784 daAuts
    D:13: 1413 daAuts
    D:12: 1186 daAuts
     D:8: 1082 daAuts
     D:6: 963 daAuts
     D:1: 844 daAuts
    D:10: 777 daAuts
     D:5: 773 daAuts
     D:3: 761 daAuts
     D:9: 735 daAuts
     D:7: 682 daAuts
     D:2: 646 daAuts
     D:4: 563 daAuts
    D:14: 484 daAuts
    D:15: 34 daAuts
